 Dungeon Crawl Stone Soup version 0.24.1 (webtiles) character file.

Game seed: 9799489408127676353, levelgen mode: deterministic

2473 nightchill the Spear-Bearer (level 9, -8/66 HPs)
             Began as a Formicid Fighter on Apr 2, 2020.
             Was a Follower of Hepliaklqana.
             Mangled by Harold
             ... wielding a +0 glaive
              (12 damage)
             ... on level 7 of the Dungeon.
             The game lasted 00:21:01 (7796 turns).

nightchill the Spear-Bearer (Formicid Fighter)      Turns: 7796, Time: 00:21:03

Health: -8/66      AC:  9    Str: 24    XL:     9   Next: 80%
Magic:  13/13      EV:  8    Int:  8    God:    Hepliaklqana [*.....]
Gold:   441        SH:  9    Dex: 10    Spells: 8/8 levels left

rFire    + . .     SeeInvis +   a - +0 trident
rCold    + . .     Gourm    .   c - +0 shield
rNeg     . . .     Faith    .   b - +0 scale mail
rPois    .         Spirit   .   (helmet unavailable)
rElec    .         Reflect  .   I - scarf {rC+ rF+}
rCorr    .         Harm     .   s - +0 pair of gloves
MR       .....                  o - +0 pair of boots
Stlth    ..........             (no amulet)
HPRegen  0.21/turn              (no ring)
MPRegen  0.13/turn              (no ring)

@: studying Polearms
A: permanent stasis, dig shafts and tunnels, four strong arms, reduced essence,
antennae 3
a: Dig, Shaft Self, Recall Ancestor, Ancestor Identity, Renounce Religion


You were on level 7 of the Dungeon.
You worshipped Hepliaklqana.
Hepliaklqana was aware of your devotion.
You were not hungry.

You visited 2 branches of the dungeon, and saw 8 of its levels.
You also visited: Ossuary.

You collected 441 gold pieces.

Inventory:

Hand Weapons
 a - a +0 trident (weapon)
 l - a +0 hunting sling
Missiles
 e - 141 stones
 r - 19 poisoned darts (quivered)
 F - 14 sling bullets
Armour
 b - a +0 scale mail (worn)
 c - a +0 shield (worn)
 h - the cursed +0 ring mail "Zaghoj" {MR+ Slay+5, unknown}
   (You found it on level 7 of the Dungeon)

   It affects your accuracy and damage with ranged weapons and melee attacks
   (+5).
   It affects your resistance to hostile enchantments.
   It has a curse placed upon it.
 o - a +0 pair of boots (worn)
 s - a +0 pair of gloves (worn)
 I - a scarf of resistance (worn)
Jewellery
 g - a +3 ring of slaying {unknown}
 i - a cursed ring of ice {unknown}
 j - a cursed -3 ring of strength {unknown}
 k - an uncursed ring of magical power {unknown}
 y - an uncursed ring of stealth {unknown}
 H - an uncursed ring of resist corrosion {unknown}
Wands
 J - a wand of polymorph (8)
Scrolls
 m - 2 scrolls of enchant armour {unknown}
 n - 2 scrolls of fear {unknown}
 q - 4 scrolls of remove curse {unknown}
 t - 2 scrolls of teleportation {unknown}
 w - a scroll of noise {unknown}
 G - a scroll of magic mapping {unknown}
Potions
 d - 5 potions of might
 u - a potion of ambrosia
 v - 4 potions of agility
 x - 4 potions of curing
 z - a potion of cancellation {unknown}
 A - a potion of mutation
 B - a potion of invisibility {unknown}
 C - a potion of haste {unknown}
 D - 3 potions of lignification
Books
 E - a manual of Polearms
Comestibles
 f - 11 rations
 p - a chunk of flesh


   Skills:
 + Level 7.9 Fighting
 * Level 10.9 Polearms
 - Level 3.2 Armour
 - Level 3.6 Shields
 + Level 6.0 Invocations


You had 8 spell levels left.
You didn't know any spells.
Your spell library contained the following spells:

 Spells                   Type           Power        Failure   Level  Hunger
 Beastly Appendage        Tmut           #.....       98%         1    ##.....
 Sticks to Snakes         Tmut           #.......     99%         2    ###....
 Spider Form              Tmut/Pois      #.........   100%        3    ####...
 Ice Form                 Ice/Tmut       #.......     100%        4    #####..
 Blade Hands              Tmut           #.........   100%        5    ######.


Dungeon Overview and Level Annotations

Branches:
Dungeon (7/15)             Temple (1/1) D:4         Ossuary (visited)

Altars:
Ashenzari
Cheibriados
Elyvilon
Fedhas
Gozag
Hepliaklqana
Kikubaaqudgha
Makhleb
Nemelex Xobeh
Okawaru
Trog
Vehumet
Wu Jian
Xom
Yredelemnul
Zin
The Shining One

Annotations:
D:3 exclusion: downstairs
D:7 Harold


Innate Abilities, Weirdness & Mutations

You cannot be hasted, slowed, berserked, paralysed or teleported.
You can dig through walls and to a lower floor.
Your four strong arms can wield two-handed weapons with a shield.
You have a pair of large antennae on your head. (SInv)
Your life essence is reduced to manifest your ancestor. (-10% HP)


Message History

Harold hits you from afar with a +0 glaive!
* * * LOW HITPOINT WARNING * * *
Attack whom?
Press: ? - help, Dir - move target cursor, f/p - Harold
Aim: Harold, wielding a +0 glaive and wearing a +4 ring mail of positive energy (moderately wounded)
You could not reach far enough!
Toby hits Harold.
Attack whom?
Press: ? - help, Dir - move target cursor, f/p - Harold
Aim: Harold, wielding a +0 glaive and wearing a +4 ring mail of positive energy (moderately wounded)
You reach to attack!
You hit Harold.
Harold is moderately wounded.
Harold hits you from afar with a +0 glaive!
* * * LOW HITPOINT WARNING * * *
Toby hits Harold but does no damage.
Attack whom?
Press: ? - help, Dir - move target cursor, f/p - Harold
Aim: Harold, wielding a +0 glaive and wearing a +4 ring mail of positive energy (moderately wounded)
You could not reach far enough!
Toby closely misses Harold.
Harold hits you from afar with a +0 glaive!
You die...

#######.....#########
......'^....#............
......#.....#...........)
......#.....#............
##....#.....##...# ......
#####'##.....#...##......
.#.....#.....#...#.......
.#.....#.....'...#@......
.#.....#.....#..@R.......
.#######.....#########'##
.# ###.... .# .'..... .#
..#...... .# ...#..... .#
.. #... .# .#


You could see the friendly Toby the ancestor and Harold.

Vanquished Creatures
  A troll (D:4)
  A hippogriff (D:7)
  Edmund (D:4)
  An orc warrior (D:7)
  An ice beast (D:5)
  A sky beast (D:7)
  A phantom (D:6)
  An ogre (D:4)
  A bullfrog (D:7)
  2 scorpions
  2 water moccasin zombies (Ossuary)
  2 crimson imps
  2 jellies
  2 hounds
  4 orc priests
  An orc wizard (D:4)
  7 worker ants
  A big kobold zombie (Ossuary)
  3 hound zombies
  2 mummies (Ossuary)
  A howler monkey zombie (D:5)
  A worker ant zombie (D:6)
  5 adders
  2 shadow imps
  An ooze (D:3)
  8 adder zombies
  A dart slug (D:1)
  3 worms
  4 leopard geckos
  7 orcs
  A ball python (D:3)
  A giant cockroach (D:3)
  5 gnoll zombies (Ossuary)
  9 goblins
  9 hobgoblins
  4 jackals
  7 kobolds
  4 quokkas
  11 bats
  2 frilled lizards (D:2)
  2 goblin zombies (D:4)
  3 hobgoblin zombies (Ossuary)
  7 kobold zombies (Ossuary)
  A leopard gecko zombie (D:6)
  8 orc zombies (Ossuary)
  14 rats
158 creatures vanquished.

Vanquished Creatures (collateral kills)
  An orc warrior (D:4)
  A phantom (D:5)
  2 bullfrogs
  A hound (D:4)
  A jelly (D:6)
  2 worker ants
  A hound skeleton (D:4)
  2 adders
  An ooze (D:4)
  4 orcs (D:4)
  A giant cockroach (D:6)
  2 jackals (D:5)
19 creatures vanquished.

Vanquished Creatures (others)
  7 ancestors
7 creatures vanquished.

Grand Total: 184 creatures vanquished

Notes
Turn   | Place    | Note
-------+----------+-------------------------------------------
     0 | D:1      | nightchill the Formicid Fighter began the quest for the
                  | Orb.
     0 | D:1      | Reached XP level 1. HP: 18/18 MP: 1/1
   139 | D:1      | Reached XP level 2. HP: 24/24 MP: 2/2
   394 | D:1      | Reached XP level 3. HP: 27/30 MP: 3/3
   416 | D:1      | Reached skill level 3 in Polearms
   930 | D:2      | Found an opulent altar of Gozag.
  1016 | D:2      | Reached XP level 4. HP: 37/37 MP: 4/4
  1303 | D:2      | Found an ornate altar of the Wu Jian Council.
  2015 | D:3      | Reached skill level 4 in Polearms
  2239 | D:3      | Reached XP level 5. HP: 40/42 MP: 5/5
  3025 | D:4      | Reached XP level 6. HP: 45/49 MP: 6/6
  3036 | D:4      | Found a sand-covered staircase.
  3052 | Ossuary  | Entered an ossuary
  3086 | Ossuary  | Reached skill level 5 in Polearms
  3117 | Ossuary  | Reached skill level 5 in Fighting
  3323 | Ossuary  | Reached XP level 7. HP: 51/56 MP: 7/7
  3511 | D:4      | Reached skill level 6 in Polearms
  3706 | D:4      | Found a staircase to the Ecumenical Temple.
  3726 | Temple   | Entered the Ecumenical Temple
  3749 | Temple   | Became a worshipper of Hepliaklqana the Forgotten
  3949 | D:4      | Reached skill level 1 in Invocations
  4378 | D:5      | Entered Level 5 of the Dungeon
  4378 | D:5      | Noticed Edmund
  4434 | D:4      | Killed Edmund
  4434 | D:4      | Reached XP level 8. HP: 55/57 MP: 9/9
  4466 | D:5      | Noticed a troll
  4478 | D:4      | Reached skill level 7 in Polearms
  4747 | D:4      | Killed a troll
  5548 | D:5      | Found a shattered altar of Ashenzari.
  6095 | D:6      | Reached * piety under Hepliaklqana
  6127 | D:6      | Reached skill level 8 in Polearms
  6180 | D:6      | Reached XP level 9. HP: 55/63 MP: 12/12
  6238 | D:6      | Found a snail-covered altar of Cheibriados.
  6288 | D:6      | Reached skill level 9 in Polearms
  6486 | D:6      | Found a bloodstained altar of Trog.
  6577 | D:5      | Reached skill level 5 in Invocations
  6980 | D:6      | Found a white marble altar of Elyvilon.
  6980 | D:6      | Found a glowing golden altar of the Shining One.
  7030 | D:7      | Got a brightly glowing ring mail
  7096 | D:7      | Reached skill level 10 in Polearms
  7482 | D:7      | Noticed a hippogriff
  7494 | D:7      | Killed a hippogriff
  7783 | D:7      | Noticed Harold
  7796 | D:7      | Mangled by Harold

Levels and vault maps discovered:
D:1:      dpeg_arrival_short_road, layout_basic
D:2:      layout_basic, overflow_temple_1_default, nicolae_gozag_seed_capital,
          kennysheep_potato
D:3:      layout_loops_corners, first_ration
D:4:      layout_basic, minmay_temple_entry_proselytizer, enter_ossuary_4,
          minmay_manual_mess
D:5:      layout_basic, ashenzari_altar_1, minmay_manual_mail, uniq_edmund
D:6:      layout_layer_cave, cheibriados_altar_1, overflow_temple_1_default,
          gammafunk_temple_overflow_wave
D:7:      layout_gridville, uniq_harold
Temple:   chequers_temple_sunken

Skill      XL: |  1  2  3  4  5  6  7  8  9 |
---------------+----------------------------+-----
Polearms       | 3 4 5 6 8 10 | 10.9
Fighting       | 4 5 6 7 |  7.9
Invocations    | 2 4 6 |  6.0
Armour         | |  3.2
Shields        | |  3.6

Action                   |  1- 3 |  4- 6 |  7- 9 || total
-------------------------+-------+-------+-------++-------
Melee: Trident           |   127 |   323 |   325 ||   775
Throw: Dart              |       |       |     8 ||     8
Invok: Recall Ancestor   |       |       |     4 ||     4
       Ancestor Identity |       |       |     1 ||     1
  Use: Potion            |       |       |     3 ||     3
       Scroll            |       |       |     5 ||     5
 Stab: Distracted        |       |       |     1 ||     1
  Eat: Chunk             |     1 |     6 |     9 ||    16
       Ration            |       |       |     2 ||     2
Armor: Scale mail        |    47 |    98 |   103 ||   248
Dodge: Dodged            |    39 |    70 |    64 ||   173
Block: Shield            |    62 |   115 |   138 ||   315
